 Dungeon Crawl Stone Soup version 0.17-a0-2215-g49c1de0 (webtiles) character file.

7356 Ijustatesigmund the Covert (level 11, -2/72 HPs)
             Began as an Octopode Wizard on Oct 26, 2015.
             Was a Believer of Cheibriados.
             Slain by a wight
             ... wielding a cursed +2 halberd
              (13 damage)
             ... on level 10 of the Dungeon on Oct 27, 2015.
             The game lasted 00:48:19 (12928 turns).

Ijustatesigmund the Covert (Octopode Wizard)       Turns: 12928, Time: 00:48:19

Health: -2/72      AC:  4    Str: 12    XL:     11   Next: 14%
Magic:  3/17       EV: 14    Int: 33    God:    Cheibriados [**....]
Gold:   429        SH:  0    Dex: 16    Spells: 5 memorised, 8 levels left

rFire  . . .     SeeInvis .     h - +5 short sword (holy)
rCold  + . .     Clarity  +     (no shield)
rNeg   . . .     SustAt   .     a - +2 hat
rPois  +         Gourm    .     g - amulet of clarity
rElec  .         Spirit   .     e - ring of poison resistance
rCorr  .         Warding  .     w - ring of protection from cold
rMut   .         Stasis   .     x - +1 ring of protection
MR     .....                    (no ring)
Stlth  +++++++...               (no ring)
                                (no ring)
                                (no ring)
                                (no ring)

@: brilliant, repel missiles, very slow, not resistant to hostile enchantments,
extremely stealthy
A: almost no armour, amphibious, 8 rings, constrict 8, camouflage 1, gelatinous
body 1
a: Bend Time, Renounce Religion


You were on level 10 of the Dungeon.
You worshipped Cheibriados.
Cheibriados was pleased with you.
You were not hungry.

You visited 2 branches of the dungeon, and saw 12 of its levels.

You collected 429 gold pieces.

Inventory:

Hand Weapons
 d - a +1 dagger
 h - a +5 short sword of holy wrath (weapon)
 i - a +3 scimitar of flaming
 p - a +1 dagger of speed
 q - a +1 short sword of flaming
Missiles
 l - 2 javelins (quivered)
Armour
 a - a +2 hat (worn)
Jewellery
 e - a ring of poison resistance (left tentacle)
 g - an amulet of clarity (around mantle)
 k - an uncursed amulet of warding
 w - a ring of protection from cold (right tentacle)
 x - a +1 ring of protection (on tentacle)
Wands
 m - a wand of magic darts (16)
 o - a wand of slowing (18)
 v - a wand of flame (26)
 E - a wand of cold (0)
 G - a wand of slowing (29)
Scrolls
 u - a scroll of enchant armour
 y - a scroll of immolation
 B - a scroll of amnesia
 D - a scroll of remove curse
Potions
 f - 3 potions of curing
 s - a potion of might
 z - a potion of cure mutation
Books
 b - a book of Minor Magic

   Spells                             Type                      Level
   a - Magic Dart                     Conjuration                  1
   b - Blink                          Translocation                2
   c - Call Imp                       Summoning                    2
   d - Repel Missiles                 Charms/Air                   2
   e - Slow                           Hexes                        2
   f - Conjure Flame                  Conjuration/Fire             3
   g - Mephitic Cloud                 Conjuration/Poison/Air       3
 t - a Necronomicon

   Spells                             Type                      Level
   a - Haunt                          Necromancy/Summoning         7
   b - Borgnjor's Revivification      Necromancy                   8
   c - Death's Door                   Charms/Necromancy            8
   d - Necromutation                  Transmutation/Necromancy     8
 H - a book of Summonings

   Spells                             Type                      Level
   a - Recall                         Summoning/Translocation      3
   b - Aura of Abjuration             Summoning                    5
   c - Shadow Creatures               Summoning                    5
   d - Summon Demon                   Summoning                    5
   e - Summon Forest                  Summoning/Translocation      5
   f - Summon Mana Viper              Hexes/Summoning              5
Comestibles
 c - 11 bread rations
 j - 11 meat rations


   Skills:
 + Level 5.4 Fighting
 + Level 5.4 Short Blades
 + Level 4.4 Dodging
 + Level 12.6 Stealth
 - Level 4.0 Spellcasting
 - Level 7.3 Conjurations
 + Level 2.1 Summonings
 - Level 3.0 Translocations
 - Level 3.2 Air Magic
 - Level 3.6 Poison Magic
 + Level 5.4 Invocations


You had 8 spell levels left.
You knew the following spells:

 Your Spells              Type           Power        Failure   Level  Hunger
a - Magic Dart            Conj           ####         1%          1    None
b - Blink                 Tloc           N/A          1%          2    None
c - Repel Missiles        Chrm/Air       #####.       1%          2    None
d - Mephitic Cloud        Conj/Pois/Air  ######..     1%          3    #......
e - Call Imp              Summ           #####...     1%          2    None


Dungeon Overview and Level Annotations

Branches:
Dungeon (11/15)            Temple (1/1) D:7
   Lair: D:8-11         Orc: D:9-12

Altars:
Ashenzari
Cheibriados
Dithmenos
Elyvilon
Fedhas
Gozag
Makhleb
Nemelex Xobeh
Okawaru
Qazlal
Ru
Sif Muna
Trog
Vehumet
Xom
Yredelemnul
Zin
The Shining One

Annotations:
D:4 exclusion: statue


Innate Abilities, Weirdness & Mutations

You cannot wear most types of armour.
You are amphibious.
You can wear up to eight rings at the same time.
You can use your tentacles to constrict eight enemies at once.
Your skin changes colour to match your surroundings (Stealth).
Your rubbery body absorbs attacks (AC +1).


Message History

Your white imp gestures at the slime creature.
The puff of frost hits the slime creature.
Casting: Call Imp
Confirm with . or Enter, or press ? or * to list all spells.
A beastly little devil appears in a puff of flame.
The orc warrior barely misses your white imp.
The hill giant hits your iron imp with a giant club!!
Your iron imp dies!
Your white imp gestures at the slime creature.
The puff of frost hits the slime creature.
Casting: Call Imp
Confirm with . or Enter, or press ? or * to list all spells.
A metallic apparition takes form in the air.
The orc warrior hits your white imp with an enchanted glaive.
Your crimson imp blinks!
Drink which item? (? for menu, Esc to quit)
It was a potion of brilliance.
You feel clever all of a sudden.
The wight hits you from afar with an enchanted halberd!
You die...

#...)................
#.oC.....###.........
#.......## ##.....#..
#...5...# #....###.
#...J...## #.....#..
#.Y.ยง....###.........
#....................
##..5................
##.@...>z...........
##..5............
##.z............
##.............
##............
##.J......... .
##.....###. . ##...##
.. ##..# ...


You could see a slime creature, a hill giant, an orc warrior, an ice beast, a
jelly, 2 wights, a friendly iron imp, a friendly crimson imp and a friendly
white imp.

Vanquished Creatures
  The ghost of radek the Anointer, a novice DECj of Vehumet (D:8)
  Maurice (D:8)
  An efreet (D:9)
  A merfolk (D:9)
  A two-headed ogre (D:8)
  A deep elf mage (D:9)
  4 yaks (D:9)
  Grum (D:9)
  The ghost of emiel the Stinger, an amateur DsVM (D:5)
  2 wolves (D:9)
  Duvessa (D:5)
  4 phantoms
  A water moccasin (D:9)
  An orc warrior (D:7)
  8 centaurs
  A black bear (D:6)
  5 ogres
  An ice beast (D:9)
  A crocodile (D:9)
  6 giant frogs
  Dowan (D:5)
  A wyvern zombie (D:8)
  A scorpion (D:8)
  2 water moccasin skeletons
  7 wights (D:8)
  5 crimson imps
  A centaur zombie (D:9)
  2 giant frog zombies
  4 orc priests
  3 jellies
  3 centaur skeletons
  7 hounds
  11 orc wizards
  5 iguanas
  A killer bee zombie (D:8)
  8 worker ants
  A hound zombie (D:8)
  A hound skeleton (D:6)
  15 adders
  3 gnolls (D:6)
  2 worker ant zombies (D:7)
  A shadow imp (D:11)
  An ooze (D:7)
  5 worms
  2 adder skeletons
  38 orcs
  3 ball pythons
  7 giant cockroaches
  11 hobgoblins
  8 jackals
  7 kobolds
  4 quokkas
  7 bats
  6 giant geckos
  2 giant newts
  7 goblins
  A jackal zombie (D:7)
  A quokka skeleton (D:7)
  A quokka zombie (D:6)
  7 rats
246 creatures vanquished.

Vanquished Creatures (collateral kills)
  An orc priest (D:4)
  A worker ant (D:6)
  An orc (D:10)
3 creatures vanquished.

Grand Total: 249 creatures vanquished

Notes
Turn   | Place    | Note
--------------------------------------------------------------
     0 | D:1      | Ijustatesigmund the Octopode Wizard began the quest for the Orb.
     0 | D:1      | Reached XP level 1. HP: 11/11 MP: 4/4
   181 | D:1      | Reached XP level 2. HP: 15/17 MP: 1/6
   185 | D:1      | Learned a level 2 spell: Blink
   188 | D:1      | Learned a level 2 spell: Repel Missiles
   933 | D:2      | Found a sacrificial altar of Ru.
   948 | D:2      | Reached skill level 4 in Stealth
   948 | D:2      | Reached XP level 3. HP: 12/21 MP: 1/7
   953 | D:2      | Learned a level 3 spell: Mephitic Cloud
  1158 | D:2      | Reached XP level 4. HP: 20/27 MP: 6/8
  1789 | D:2      | Found a burning altar of Makhleb.
  2049 | D:2      | Reached skill level 1 in Air Magic
  2240 | D:3      | Reached skill level 1 in Poison Magic
  2590 | D:3      | Reached XP level 5. HP: 31/31 MP: 0/9
  2777 | D:3      | Reached skill level 1 in Short Blades
  2777 | D:3      | Reached skill level 5 in Stealth
  3418 | D:3      | Found a shadowy altar of Dithmenos.
  3601 | D:4      | Found a shimmering altar of Xom.
  3700 | D:4      | Noticed a phantom
  3717 | D:4      | Killed a phantom
  3717 | D:4      | Reached skill level 6 in Stealth
  3717 | D:4      | Reached XP level 6. HP: 27/36 MP: 3/10
  4343 | D:4      | Found a radiant altar of Vehumet.
  4935 | D:4      | Reached skill level 7 in Stealth
  4935 | D:4      | Reached XP level 7. HP: 27/41 MP: 7/11
  5241 | D:5      | Entered Level 5 of the Dungeon
  5304 | D:5      | Noticed Duvessa
  5305 | D:5      | Noticed Dowan
  5310 | D:5      | Killed Duvessa
  5319 | D:5      | Killed Dowan
  5465 | D:6      | HP: 2/41 [poisoned by an adder]
  5777 | D:6      | Reached skill level 8 in Stealth
  6029 | D:5      | Upgraded the game from 0.17-a0-2208-ge5ab1d3 to 0.17-a0-2215-g49c1de0
  6175 | D:5      | Noticed emiel's ghost (amateur DsVM)
  6394 | D:6      | Reached skill level 5 in Conjurations
  6505 | D:6      | Reached XP level 8. HP: 14/46 MP: 5/12
  6712 | D:6      | Reached skill level 9 in Stealth
  7595 | D:5      | Reached skill level 1 in Fighting
  7647 | D:5      | Reached skill level 10 in Stealth
  7695 | D:5      | Killed emiel's ghost
  7903 | D:5      | Reached XP level 9. HP: 54/54 MP: 8/14
  9186 | D:7      | Found a staircase to the Ecumenical Temple.
  9201 | Temple   | Entered the Ecumenical Temple
  9496 | D:7      | Found a sparkling altar of Nemelex Xobeh.
  9600 | D:7      | Reached skill level 11 in Stealth
  9947 | D:8      | Noticed Maurice
  9952 | D:8      | Killed Maurice
 10036 | D:8      | Reached XP level 10. HP: 35/63 MP: 16/16
 10618 | D:8      | Found a snail-covered altar of Cheibriados.
 10622 | D:8      | Became a worshipper of Cheibriados the Contemplative
 10626 | D:8      | Found a bloodstained altar of Trog.
 10629 | D:8      | Found an iron altar of Okawaru.
 10663 | D:8      | Noticed radek's ghost (novice DECj)
 10676 | D:8      | Killed radek's ghost
 10676 | D:8      | Reached skill level 12 in Stealth
 11599 | D:9      | Noticed Grum
 11602 | D:9      | Reached * piety under Cheibriados
 11613 | D:9      | Killed Grum
 11613 | D:9      | Reached skill level 5 in Short Blades
 11931 | D:9      | Reached skill level 5 in Fighting
 12209 | D:9      | Reached skill level 5 in Invocations
 12209 | D:9      | Reached XP level 11. HP: 43/71 MP: 13/17
 12221 | D:9      | Learned a level 2 spell: Call Imp
 12405 | D:9      | Reached ** piety under Cheibriados
 12605 | D:10     | Entered Level 10 of the Dungeon
 12897 | D:10     | HP: 2/72 [acid (8)]
 12916 | D:10     | Noticed a hill giant
 12928 | D:10     | Slain by a wight

Vault maps used:
D:1:      lemuel_arrival_muddy
D:2:      lightli_temple_of_fire, nicolae_ru_great_annihilating_truth
D:3:      grunt_dithmenos_smoke, minmay_bisected
D:4:      vehumet_statue, first_bread, bh_chokoban, xom_teletrap_fun
D:5:      uniq_duvessa
D:7:      nicolae_overflow_hidden_temple, temple_green
D:8:      grunt_temple_overflow_diamond, uniq_maurice
D:9:      hangedman_fish_farm, uniq_grum
D:10:     lair_0_dummy
D:11:     lab_entry_generic, minivault_28
Temple:   eino_wide_crystal_templ_10

Action                   |  1- 3 |  4- 6 |  7- 9 | 10-12 || total
-------------------------+-------+-------+-------+-------++-------
Melee: Dagger            |    18 |     8 |       |       ||    26
       Short sword       |       |    65 |   232 |   191 ||   488
Throw: Javelin           |       |     5 |     3 |     1 ||     9
 Cast: Magic Dart        |    37 |   144 |   105 |    27 ||   313
       Repel Missiles    |     1 |       |     3 |       ||     4
       Mephitic Cloud    |       |     5 |    19 |    10 ||    34
       Blink             |       |       |     1 |     9 ||    10
       Call Imp          |       |       |       |     6 ||     6
Invok: Bend Time         |       |       |       |     2 ||     2
Evoke: Wand              |       |       |       |     2 ||     2
  Use: Scroll            |       |     7 |    13 |     3 ||    23
       Potion            |       |     1 |     1 |     7 ||     9
 Stab: Sleeping          |     2 |     4 |    18 |     8 ||    32
       Confused          |       |       |    11 |     5 ||    16
       Distracted        |       |       |       |     3 ||     3
       Invisible         |       |       |       |     1 ||     1
  Eat: Chunk             |     1 |    10 |     8 |     2 ||    21
       Beef jerky        |       |     1 |       |     2 ||     3
       Bread ration      |       |       |     2 |       ||     2
       Fruit             |       |       |     1 |     3 ||     4
       Royal jelly       |       |       |       |     1 ||     1
